 Dungeon Crawl Stone Soup version 0.27.1-1-g398f81649c (webtiles) character file.

Game seed: 3556641009866404437

37317 MajorAdolf the Cleaver (level 13, -4/127 HPs)
             Began as a Naga Wanderer on Sept 19, 2021.
             Was an Initiate of Gozag.
             Killed themself with a badly aimed burst of rock shards (5 damage)
             ... on level 14 of the Dungeon.
             The game lasted 00:38:20 (16384 turns).

MajorAdolf the Cleaver (Naga Wanderer)             Turns: 16384, Time: 00:38:20

Health: -4/127     AC: 16    Str: 27    XL:     13   Next: 95%
Magic:  13/13      EV: 12    Int: 12    God:    Gozag
Gold:   2084       SH:  6    Dex: 13    Spells: 12/12 levels left

rFire    + . .     SeeInvis +   j - +12 hand axe of the Boiling Point {vorpal, +Blink rPois}
rCold    + . .     Faith    .   c - +0 buckler
rNeg     . . .     Spirit   .   m - +4 leather armour "Kiata" {+Inv}
rPois    +         Reflect  .   x - +0 helmet
rElec    .         Harm     .   p - scarf {rC+ rF+}
rCorr    .         Rampage  .   (no gloves)
Will     +....                  (no barding)
Stlth    ++........             r - amulet of regeneration
HPRegen  1.31/turn              Q - ring "Xoat" {Str+6 Dex+3 Slay+3}
MPRegen  0.13/turn              n - +4 ring of protection

@: gold aura, studying 2 skills, very slow
A: AC +4, large, see invisible, deformed body, poison resistance, slowness 2,
spit poison 1, naga tail 2
a: Spit Poison, Renounce Religion, Evoke Blink, Evoke Invisibility, Potion
Petition, Call Merchant, Bribe Branch


You were on level 14 of the Dungeon.
You worshipped Gozag.
Gozag was most pleased with you.
You visited 2 branches of the dungeon, and saw 15 of its levels.
You also visited: Sewer and Bailey.

You collected 5666 gold pieces.
You spent 2012 gold pieces at shops.
You paid 1570 gold pieces to Gozag.

Inventory:

Hand Weapons
 f - a +2 dagger of venom
 j - the +12 hand axe of the Boiling Point (weapon) {vorpal, +Blink rPois}
   (You found it on level 13 of the Dungeon)

   It inflicts extra damage upon your enemies.
   rPois:     It protects you from poison.
   +Blink:    It lets you blink.
 R - a +4 hand axe of electrocution
 Z - a +0 vampiric broad axe
Armour
 c - a +0 buckler (worn)
 m - the +4 leather armour "Kiata" (worn) {+Inv}
   (You bought it in a shop on level 10 of the Dungeon)

   +Inv:      It lets you turn invisible.
 p - a scarf of resistance (worn)
 x - a +0 helmet (worn)
 V - a +2 robe of cold resistance
 Y - a +3 scale mail of fire resistance
Magical Staves
 e - a staff of cold
Jewellery
 b - a ring of positive energy
 n - a +4 ring of protection (right hand)
 r - an amulet of regeneration (around neck)
 M - an amulet of reflection
 Q - the ring "Xoat" (left hand) {Str+6 Dex+3 Slay+3}
   (You found it on level 10 of the Dungeon)

   [ring of strength]

   Str:       It affects your strength (+6).
   Dex:       It affects your dexterity (+3).
   Slay:      It affects your accuracy & damage with ranged weapons and melee
   (+3).
 W - a ring of fire
Wands
 o - a wand of polymorph (11)
 w - a wand of iceblast (5)
 G - a wand of paralysis (16)
 N - a wand of acid (19)
 U - a wand of flame (42)
Scrolls
 d - 3 scrolls of vulnerability
 h - 2 scrolls of silence
 l - 5 scrolls of teleportation
 s - 3 scrolls of fear
 u - 7 scrolls of amnesia
 y - 2 scrolls of identify
 K - 3 scrolls of enchant armour
 L - 3 scrolls of fog
 O - 2 scrolls of immolation {unknown}
 P - 4 scrolls of blinking {unknown}
 T - a scroll of holy word {unknown}
Potions
 a - 4 potions of heal wounds
 g - 4 potions of haste
 i - a potion of degeneration {unknown}
 k - 6 potions of lignification
 q - a potion of attraction {unknown}
 v - 2 potions of ambrosia
 z - 4 potions of might
 A - 3 potions of mutation {unknown}
 B - 12 potions of curing
 C - 2 potions of cancellation {unknown}
 D - 10 potions of flight
 E - 2 potions of invisibility
 F - a potion of resistance {unknown}
 I - a potion of magic {unknown}
 J - 2 potions of brilliance {unknown}
 S - a potion of berserk rage {unknown}
Miscellaneous
 t - a phantom mirror
 H - a piece from Xom's chessboard (15/15)
 X - a tin of tremorstones (1/2)


   Skills:
 + Level 11.3 Fighting
 - Level 1.0 Short Blades
 + Level 12.6 Axes
 - Level 1.0 Crossbows
 + Level 11.7 Armour
 + Level 6.5 Dodging
 - Level 1.5 Stealth
 + Level 9.0 Shields
 + Level 9.5 Evocations


You had 12 spell levels left.
You didn't know any spells.
Your spell library contained the following spells:

 Spells                   Type           Power      Damage    Failure   Level
 Animate Skeleton         Necr           0%         N/A       34%         1
 Apportation              Tloc           0%         N/A       34%         1
 Corona                   Hex            0%         N/A       34%         1
 Magic Dart               Conj           0%         1d3       34%         1
 Shock                    Conj/Air       0%         1d3       34%         1
 Summon Small Mammal      Summ           0%         N/A       34%         1
 Call Imp                 Summ           0%         N/A       47%         2
 Corpse Rot               Necr/Air       N/A        N/A       47%         2
 Ensorcelled Hibernation  Hex/Ice        0%         N/A       47%         2
 Poisonous Vapours        Pois/Air       0%         N/A       47%         2
 Slow                     Hex            0%         N/A       47%         2
 Sublimation of Blood     Necr           0%         N/A       47%         2
 Wereblood                Tmut           0%         N/A       47%         2
 Confusing Touch          Hex            0%         N/A       71%         3
 Gell's Gravitas          Tloc           0%         N/A       71%         3
 Mephitic Cloud           Conj/Pois/Air  0%         N/A       71%         3
 Swiftness                Air            0%         N/A       71%         3
 Teleport Other           Tloc           0%         N/A       71%         3
 Tukima's Dance           Hex            0%         N/A       71%         3
 Airstrike                Air            0%         N/A       98%         4
 Animate Dead             Necr           0%         N/A       98%         4
 Cause Fear               Hex            0%         N/A       98%         4
 Hailstorm                Conj/Ice       0%         3d3       98%         4
 Ice Form                 Ice/Tmut       0%         N/A       98%         4
 Leda's Liquefaction      Hex/Erth       0%         N/A       98%         4
 Bolt of Magma            Conj/Fire/Erth 0%         4d4       100%        5
 Borgnjor's Vile Clutch   Necr/Erth      0%         N/A       100%        5
 Fireball                 Conj/Fire      0%         3d3       100%        5
 Freezing Cloud           Conj/Ice/Air   0%         6-21      100%        5
 Yara's Violent Unravell  Hex/Tmut       0%         3d3       100%        5
 Death Channel            Necr           0%         N/A       100%        6
 Dispersal                Tloc           0%         N/A       100%        6
 Simulacrum               Ice/Necr       0%         N/A       100%        6
 Starburst                Conj/Fire      0%         6d3       100%        6
 Statue Form              Tmut/Erth      0%         N/A       100%        6
 Dragon Form              Tmut           0%         N/A       100%        7
 Summon Hydra             Summ           0%         N/A       100%        7
 Ignition                 Fire           0%         3d3       100%        8
 Dragon's Call            Summ           0%         N/A       100%        9


Dungeon Overview and Level Annotations

Branches:
Dungeon (14/15)            Temple (0/1) D:6            Lair (1/6) D:8
    Orc (0/2) D:11         Vaults (0/5) D:14          Sewer (visited)
 Bailey (visited)

Altars:
Cheibriados
Dithmenos
Elyvilon
Fedhas
Gozag
Kikubaaqudgha
Makhleb
Nemelex Xobeh
Ru
Sif Muna
Uskayaw
Vehumet
Xom
Yredelemnul
The Shining One
Beogh

Shops:
D:4 (   D:5 (*=!   D:7 [   D:10 [*

Portals:
Trove: D:11 (give +2 shadow dragon scales)

Annotations:
D:5 4 runed translucent doors, Crazy Yiuf; chuckie79's ghost, novice HOFi
D:8 3 runed translucent doors, YannSP's ghost, novice TrFi; Zeebu's ghost, novice DsAK; jt's ghost, novice NaVM


Innate Abilities, Weirdness & Mutations

Your serpentine skin is tough. (AC +4)
You have supernaturally acute eyesight. (SInv)
Armour fits poorly on your strangely shaped body.
Your system is resistant to poisons. (rPois)
You cover ground very slowly.
You can spit poison.
You can use your snake-like lower body to constrict enemies.


Message History

You hit the orc knight. You constrict the vault guard.
The vault guard hits you with a +0 war axe!
The orc knight hits you with a +1 great mace of holy wrath.
Unknown command.
You hit the vault guard.
The vault guard is severely wounded.
You slash the orc knight! You constrict the vault guard.
The vault guard hits you with a +0 war axe!
* * * LOW HITPOINT WARNING * * *
Unknown command.
Unknown command.
You slash the vault guard!
You kill the vault guard!
You slash the orc knight!
The orc knight hits you with a +1 great mace of holy wrath.
* * * LOW HITPOINT WARNING * * *
Your Shields skill increases to level 9!
Unknown command.
Unknown command.
You closely miss the orc knight. Your grab misses the orc knight.
The orc knight is severely wounded.
The orc knight hits you but does no damage.
Unknown command.
You slice the orc knight!! Your grab misses the orc knight.
The orc knight is almost dead.
Unknown command.
You hit the orc knight but do no damage.
You grab the orc knight.
The orc knight is almost dead.
You constrict the orc knight.
The orc knight hits you with a +1 great mace of holy wrath!!
* * * LOW HITPOINT WARNING * * *
Unknown command.
Unknown command.
The tremorstone explodes into fragments!
The burst of rock shards engulfs the orc knight!
You kill the orc knight!
The burst of rock shards engulfs you.
You die...
Your body crumbles into a pile of gold.

#########≈≈......
#(..#...#≈≈≈.....
#...'.)..≈≈≈≈....
#...#....≈≈≈≈....
#...#####≈≈≈≈....
#...# #≈≈≈≈....
#####...#####≈≈≈.....
#⌠.⌠#.......'........
#.∩$@...#.).'.[......
#⌠.$#.......'.....###
#####...#####≈≈≈..#
#...# #≈≈≈≈.###
#...#####≈≈≈≈....
#...#....≈≈≈≈....
#...'..).≈≈≈≈.#..
#(..#...#≈≈≈.##..
#########≈≈......


There were no monsters in sight!

Vanquished Creatures
  Azrael (D:13)
  A fire dragon (D:12)
  Harold (D:8)
  A catoblepas (D:13)
  3 vault guards
  2 boulder beetles
  An ogre mage (D:14)
  3 centaur warriors
  A hydra (D:11)
  Erica (D:10)
  A two-headed ogre (D:10)
  An orc high priest (D:13)
  Urug (D:10)
  Pikel (D:8)
  A wizard (D:14)
  2 orc knights (D:14)
  10 ugly things
  A manticore (D:12)
  7 cyclopes
  2 gargoyles
  An efreet (D:14)
  An unseen horror (D:10)
  4 trolls
  3 wraiths
  Grum (D:8)
  2 vampires
  4 fire bats (D:12)
  A wyvern (D:9)
  22 yaks
  A basilisk (Lair:1)
  5 vampire mosquitoes
  5 fire elementals (D:13)
  3 steam dragons
  An acid dragon (shapeshifter) (D:8)
  3 acid dragons
  2 water moccasins
  3 hell hounds
  19 orc warriors
  2 black bears (D:8)
  2 sky beasts
  2 ice beasts
  A necrophage (D:7)
  2 ogres (D:4)
  An ogre (shapeshifter) (D:10)
  2 wolves (D:8)
  9 centaurs
  3 lemures (D:8)
  2 kobold brigands
  5 bullfrogs
  5 scorpions
  5 wights
  A killer bee (D:8)
  12 howler monkeys
  A crimson imp (D:5)
  6 hounds
  2 centaur zombies
  3 jellies
  3 bullfrog skeletons
  2 centaur skeletons (D:7)
  A gnoll shaman (D:6)
  8 orc priests
  Jessica (D:2)
  A scorpion zombie (D:5)
  2 iguanas
  12 orc wizards
  A hound skeleton (D:5)
  Robin (D:2)
  A howler monkey skeleton (D:7)
  9 adders
  5 gnolls (D:6)
  A river rat (D:6)
  A shadow imp (D:8)
  A white imp (D:6)
  6 worms
  A dart slug (D:4)
  58 orcs
  A bat zombie (D:10)
  4 endoplasms
  3 giant cockroaches
  27 goblins
  10 hobgoblins
  3 jackals (Sewer)
  36 kobolds
  2 quokkas
  10 ball pythons
  5 bats
  4 frilled lizards
  7 rats
416 creatures vanquished.

Vanquished Creatures (collateral kills)
  A two-headed ogre (D:10)
  An orc knight (D:13)
  An orc (D:13)
3 creatures vanquished.

Vanquished Creatures (others)
  An orc warrior (D:14)
  A bush (D:10)
  19 plants
  4 withered plants (D:8)
25 creatures vanquished.

Grand Total: 444 creatures vanquished

Notes
Turn   | Place    | Note
-------+----------+-------------------------------------------
     0 | D:1      | MajorAdolf the Naga Wanderer began the quest for the Orb.
     0 | D:1      | MajorAdolf set off with the following items: a +0 short
                  | sword, a +2 scale mail, a +0 buckler
     0 | D:1      | Reached XP level 1. HP: 22/22 MP: 1/1
   440 | D:1      | Reached XP level 2. HP: 30/30 MP: 2/2
   440 | D:1      | Found a faded altar of an unknown god.
  1443 | D:2      | Reached XP level 3. HP: 34/37 MP: 3/3
  1540 | D:2      | Noticed a scorpion
  1545 | D:2      | Killed a scorpion
  1546 | D:2      | Reached XP level 4. HP: 39/45 MP: 4/4
  1588 | D:2      | Noticed Jessica
  1590 | D:2      | Killed Jessica
  1591 | D:2      | Reached XP level 5. HP: 51/51 MP: 5/5
  2265 | D:2      | Noticed Robin
  2287 | D:2      | Reached skill level 5 in Fighting
  2294 | D:2      | Killed Robin
  2499 | D:3      | Found a sparkling altar of Nemelex Xobeh.
  2624 | D:3      | Reached XP level 6. HP: 59/61 MP: 6/6
  3056 | D:4      | Found a shadowy altar of Dithmenos.
  3171 | D:4      | Found a shimmering blue altar of Sif Muna.
  3200 | D:4      | Reached XP level 7. HP: 52/68 MP: 7/7
  3363 | D:4      | Found a radiant altar of Vehumet.
  3396 | D:4      | Found Oluq's Firing Range.
  3645 | D:4      | Found a shimmering altar of Xom.
  3665 | D:5      | Entered Level 5 of the Dungeon
  3712 | D:5      | Reached skill level 1 in Evocations
  3744 | D:5      | Reached XP level 8. HP: 57/78 MP: 8/8
  3863 | D:5      | Found an opulent altar of Gozag.
  3868 | D:5      | Became a worshipper of Gozag Ym Sagoz the Greedy
  4006 | D:5      | Found Ivacsiela's Jewellery Shop.
  4047 | D:5      | Found Naeduc's Distillery.
  4094 | D:5      | Found Raamim's Assorted Antiques.
  4116 | D:5      | Bought a scroll labelled YTI KAARAQ for 25 gold pieces
  4116 | D:5      | Bought a scroll labelled CUOROA WEPULL for 25 gold pieces
  4116 | D:5      | Bought a scroll labelled CUOROA WEPULL for 25 gold pieces
  4116 | D:5      | Bought a yellow potion for 22 gold pieces
  4150 | D:5      | Found Evikli's Antique Weapon Shop.
  4280 | D:5      | Found a runed translucent gate.
  4280 | D:5      | Found a runed translucent gate.
  4281 | D:5      | Found a runed translucent gate.
  4285 | D:5      | Noticed chuckie79's ghost (novice HOFi)
  4332 | D:5      | Found a runed translucent door.
  4333 | D:5      | Noticed Crazy Yiuf
  4624 | D:6      | Identified 4 scrolls of acquirement
  4624 | D:6      | Acquired a manual of Armour
  4626 | D:6      | Acquired 776 gold pieces
  4628 | D:6      | Acquired 1162 gold pieces
  4630 | D:6      | Acquired a manual of Axes
  4741 | D:6      | Reached skill level 1 in Axes
  4787 | D:6      | Reached skill level 5 in Armour
  4949 | D:6      | Found a glowing drain.
  4969 | Sewer    | Entered a sewer
  5135 | Sewer    | Reached skill level 2 in Axes
  5622 | D:6      | Reached skill level 3 in Axes
  5622 | D:6      | Reached XP level 9. HP: 24/86 MP: 9/9
  5749 | D:6      | Reached skill level 5 in Shields
  5986 | D:6      | Found a staircase to the Ecumenical Temple.
  6086 | D:6      | Reached skill level 4 in Axes
  6263 | D:5      | Bought a warped hand axe for 264 gold pieces
  6263 | D:5      | Identified the +1 hand axe of Uskayaw's Indignation
                  | {antimagic, Dex+3} (You bought it in a shop on level 5 of
                  | the Dungeon)
  6263 | D:5      | Bought a runed hand axe for 198 gold pieces
  6386 | D:5      | Bought a runed hand axe for 150 gold pieces
  6556 | D:5      | Bought a potion of curing for 45 gold pieces
  6556 | D:5      | Bought 2 potions of heal wounds for 150 gold pieces
  6556 | D:5      | Bought 2 potions of flight for 90 gold pieces
  6556 | D:5      | Bought a potion of haste for 150 gold pieces
  6556 | D:5      | Bought a potion of might for 60 gold pieces
  6556 | D:5      | Bought a potion of curing for 45 gold pieces
  6556 | D:5      | Bought a potion of curing for 45 gold pieces
  6716 | D:7      | Bought a +2 scale mail of fire resistance for 210 gold
                  | pieces
  6731 | D:7      | Noticed a troll
  6738 | D:7      | Killed a troll
  6864 | D:7      | Reached skill level 5 in Axes
  7002 | D:7      | Reached skill level 6 in Axes
  7002 | D:7      | Reached skill level 5 in Evocations
  7002 | D:7      | Reached XP level 10. HP: 77/96 MP: 10/10
  7438 | D:8      | Found a staircase to the Lair.
  7444 | D:8      | Noticed Harold
  8018 | D:8      | Killed Harold
  8019 | D:8      | Reached skill level 7 in Axes
  8019 | D:8      | Reached skill level 1 in Dodging
  8206 | D:8      | Noticed a brown ugly thing
  8207 | D:8      | Noticed a cyclops
  8355 | D:8      | Found a runed translucent gate.
  8355 | D:8      | Found a runed translucent gate.
  8355 | D:8      | Found a runed translucent gate.
  8370 | D:8      | Noticed YannSP's ghost (novice TrFi)
  8370 | D:8      | Noticed Zeebu's ghost (novice DsAK)
  8370 | D:8      | Noticed jt's ghost (novice NaVM)
  8372 | D:8      | Identified the +1 leather armour "Gakophiu" {Str+2 Int+2
                  | Slay+2}
  8427 | D:8      | Killed a cyclops
  8556 | Lair:1   | Entered Level 1 of the Lair of Beasts
  8659 | Lair:1   | Killed a brown ugly thing
  8660 | Lair:1   | Reached skill level 8 in Axes
  8660 | Lair:1   | Reached XP level 11. HP: 54/106 MP: 11/11
  8885 | D:8      | Noticed Grum
  8894 | D:8      | Killed Grum
  9026 | D:8      | Noticed Pikel
  9031 | D:8      | Killed Pikel
  9197 | D:8      | Noticed a +0 dagger
  9198 | D:8      | Noticed a +0 short sword
  9198 | D:8      | Noticed a +0 short sword
  9198 | D:8      | Noticed a +0 falchion
  9198 | D:8      | Noticed a +0 falchion
  9198 | D:8      | Noticed a +0 dagger
  9198 | D:8      | Noticed a +0 spear
  9198 | D:8      | Noticed a +0 spear
  9212 | D:8      | Found a hide-covered altar of Uskayaw.
  9453 | D:9      | Identified the +1 robe of Subjectivity {rPois Regen+ Str+3}
  9627 | D:9      | Found a flagged portal.
  9641 | Bailey   | Entered a bailey
 10093 | D:9      | Found a burning altar of Makhleb.
 10324 | D:10     | Entered Level 10 of the Dungeon
 10343 | D:10     | Noticed Erica
 10344 | D:10     | Noticed a cyclops
 10345 | D:10     | Noticed a two-headed ogre
 10345 | D:10     | Noticed a two-headed ogre
 10396 | D:10     | Bought the +4 leather armour "Kiata" {+Inv} for 468 gold
                  | pieces
 10414 | D:10     | Killed a cyclops
 10415 | D:10     | Reached skill level 9 in Axes
 10443 | D:10     | Found an ancient bone altar of Kikubaaqudgha.
 10459 | D:10     | Killed Erica
 10462 | D:10     | Killed a two-headed ogre
 10570 | D:10     | Noticed a lindwurm
 10578 | D:10     | Killed a two-headed ogre
 10657 | D:10     | Found a basalt altar of Yredelemnul.
 10657 | D:10     | Found a glowing golden altar of the Shining One.
 10662 | D:10     | Found a blossoming altar of Fedhas.
 10808 | D:10     | Found a snail-covered altar of Cheibriados.
 10851 | D:10     | Identified the ring "Xoat" {Str+6 Dex+3 Slay+3}
 10943 | D:10     | Reached XP level 12. HP: 116/116 MP: 12/12
 10969 | D:10     | Noticed Urug
 10975 | D:10     | Killed Urug
 11124 | D:10     | Found Viefeufink's CLEARANCE SALE! EVERYTHING MUST GO!.
 11130 | D:10     | Bought a potion of invisibility for 40 gold pieces
 11183 | D:10     | Reached skill level 10 in Axes
 11201 | D:10     | Reached skill level 10 in Fighting
 11407 | D:11     | Found a staircase to the Orcish Mines.
 11609 | D:11     | Noticed a five-headed hydra
 11610 | D:11     | Killed a five-headed hydra
 11611 | D:11     | Reached skill level 10 in Armour
 11714 | D:11     | You fall into a shaft and drop 2 floors!
 11878 | D:11     | Found a portal to a secret trove of treasure.
 12657 | D:12     | Noticed a fire dragon
 12657 | D:12     | Found the +7 great mace "Firestarter" {inner flame, rF++}
 12682 | D:12     | Killed a fire dragon
 12683 | D:12     | Reached skill level 5 in Dodging
 12796 | D:12     | Reached skill level 11 in Axes
 13083 | D:12     | Noticed a boulder beetle
 13199 | D:12     | Killed a boulder beetle
 13437 | D:13     | Noticed a centaur warrior
 13565 | D:13     | Noticed a centaur warrior
 13580 | D:13     | Killed a centaur warrior
 13581 | D:13     | Gained mutation: You can use your snake-like lower body to
                  | constrict enemies. [Naga growth]
 13581 | D:13     | Reached XP level 13. HP: 34/124 MP: 13/13
 14126 | D:13     | Identified the +12 hand axe of the Boiling Point {vorpal,
                  | +Blink rPois}
 14686 | D:14     | Noticed Azrael
 14713 | D:14     | Found a white marble altar of Elyvilon.
 15151 | D:14     | Noticed a vault guard
 15293 | D:14     | Noticed a vault guard
 15507 | D:13     | Reached skill level 12 in Axes
 15512 | D:13     | Killed Azrael
 15513 | D:13     | Killed a vault guard
 15736 | D:14     | Killed a vault guard
 15945 | D:14     | Found a sacrificial altar of Ru.
 16372 | D:14     | Found a gate to the Vaults.
 16372 | D:14     | Noticed a vault guard
 16380 | D:14     | Killed a vault guard
 16383 | D:14     | HP: 1/127 [orc knight (30)]
 16384 | D:14     | Killed themself with a badly aimed burst of rock shards

Illustrated notes

Levels and vault maps discovered:
D:1:      dpeg_arrival_boxorama, layout_loops_ring,
          shapermc_ecumenical_altar_mp_highgroup
D:2:      minmay_wonky_spiral, layout_loops_corners, uniq_jessica, uniq_robin
D:3:      layout_loops_cross, nemelex_xobeh_ov_fountains_minmay
D:4:      layout_rooms, grunt_dithmenos_smoke, led_xom_imps,
          mainiacjoe_overflow_alcove_1, mainiacjoe_overflow_surrounded_room,
          nicolae_shop_firing_range
D:5:      layout_cave_pools, grunt_gozag_breadcrumbs, serial_shops,
          nicolae_lakefront_shop, nicolae_shop_stone, nicolae_diamond_shop,
          shop, ebering_ghost_rock_garden, kennysheep_donut,
          uniq_crazy_yiuf_cottage
D:6:      layout_basic, minmay_temple_entry_waves, portal_sewer_entry_e
D:7:      layout_basic, kennysheep_pointless_box
D:8:      minmay_the_grid_plus_closed [minmay_the_grid_mess,
          minmay_the_grid_spikes, minmay_the_grid_large_cup,
          minmay_the_grid_square_x, minmay_the_grid_prize_trominoes],
          layout_cave_pools, nicolae_uskayaw_en_pointe,
          gammafunk_ghost_cemetery, uniq_grum, uniq_pikel, uniq_harold
D:9:      layout_cave_pools, lightli_temple_of_fire, enter_bailey_5
D:10:     cheibrodos_barr_body, layout_irregular_city, cheibriados_altar_1,
          lemuel_zombie_altar_kikubaaqudgha,
          gammafunk_temple_overflow_forgotten, nicolae_shop_clearance,
          uniq_urug, uniq_erica
D:11:     layout_loops_ring, minmay_orc_entry_temple_small,
          trove_entry_hex_spiral, serial_bayou_pond_d
D:12:     minmay_firetagon, layout_gridville
D:13:     layout_stronghold, minmay_orc_keep
D:14:     layout_long_grid, grunt_vaults_entry_fortified,
          nicolae_ru_sacrificial_ziggurat, elyvilon_altar_5, uniq_azrael
Lair:1:   beast_lair_carwin_large_4, layout_long_grid,
          infiniplex_staircase_pool_2

Skill      XL: |  1  2  3  4  5  6  7  8  9 10 11 12 13 |
---------------+----------------------------------------+-----
Armour         | 2 3 4 5 7 8 9 10 11 | 11.7
Shields        | 2 3 4 5 6 7 8 9 |  9.0
Fighting       | 5 6 7 8 9 10 11 | 11.3
Evocations     | 1 3 5 6 7 8 9 |  9.5
Axes           | 3 6 8 9 11 12 | 12.6
Dodging        | 2 4 5 6 |  6.5
Short Blades   | |  1.0
Crossbows      | |  1.0
Stealth        | |  1.5

Action                   |  1- 3 |  4- 6 |  7- 9 | 10-12 | 13-15 || total
-------------------------+-------+-------+-------+-------+-------++-------
Melee: Dagger            |    50 |   193 |   478 |       |       ||   721
       Short sword       |     5 |       |       |       |       ||     5
       Whip              |       |       |     4 |       |       ||     4
       Hand axe          |       |       |    85 |   719 |   166 ||   970
       Constrict         |       |       |       |       |    28 ||    28
Throw: Javelin           |       |       |       |     2 |       ||     2
Invok: Call Merchant     |       |       |     1 |     1 |       ||     2
 Abil: Spit Poison       |     5 |     3 |     8 |    13 |       ||    29
Evoke: Wand              |       |       |       |     8 |       ||     8
       Tin of tremorston |       |       |       |     3 |     1 ||     4
       Phantom mirror    |       |       |       |     1 |     1 ||     2
  Use: Scroll            |       |       |    14 |    15 |     1 ||    30
       Potion            |       |       |       |     1 |     2 ||     3
 Stab: Distracted        |       |       |     4 |     4 |       ||     8
       Paralysed         |       |       |       |     3 |       ||     3
       Sleeping          |       |       |       |     1 |       ||     1
Armor: Scale mail        |    27 |   100 |   310 |   222 |       ||   659
       Leather armour    |       |       |       |   142 |    91 ||   233
       Skin              |       |       |       |       |     3 ||     3
Dodge: Dodged            |    19 |    58 |   180 |   270 |    87 ||   614
Block: Buckler           |     7 |    28 |   113 |   168 |    52 ||   368
